AoeStats
← Toker505

Arena

510831737Analyzed
1v1 RM · 9h ago on Oct 2, 2026· 46m 16s· 2 players
Game mode
Random Map
Map size
Tiny (2 player)
Population
200
Speed
Normal
Resources
Standard
Victory
Conquest
Starting age
Dark Age
Ending age
Imperial Age
RankedLock teamsTeams togetherTeam positionsShared explorationLock speedFull tech treeHidden civsTurbo modeCheats
Victory
Defeat
🇺🇸 Tupi · United States
947
+15
🇨🇴 Sicilians · Colombia
922
-15
FULANITO583
7:31 Loom
13:27 Feudal Age
29:17 Fletching
29:14 Town Watch
44:01 Padded Archer Armor
46:48 Castle Age
47:26 Castle Age
Toker505
9:44 Feudal Age
12:14 Double-Bit Axe
13:26 Loom
14:44 Town Watch
14:43 Champi Runner
16:33 Wheelbarrow
30:48 Champi Runner
32:55 Fletching
33:15 Forging
38:19 Padded Archer Armor
38:19 Scale Mail Armor
40:37 Castle Age
40:48 Crossbowman
44:25 Horse Collar
44:42 Gold Mining
Connection lost

Rejoining the realm…

Still unreachable

The connection could not be restored.

Session expired

The server has moved on; the page needs a fresh start.